Map: Moonlight Madness LE (Void)

Players

zaper - Winner!

  • Race: Terran Terran
  • League: Silver

wabbajack

  • Race: Zerg Zerg
  • League: Gold

VOD

Have the link to the VOD?

Description

Time

  • Played on: July 20, 2015, 10:21 a.m.
  • Length: 8:57
Show
View Real Time Build Order
Export as new Build Order

zaper Terran - Winner!

Build Orders: Hellion Opening 

Get SALT Encoding   

  12  0:00  SCV  
  13  0:13  SCV  
  14  0:19  Supply Depot  
  14  0:25  SCV  
  15  0:30  Refinery  
  15  0:41  SCV  
  16  0:46  Barracks  
  16  0:53  SCV  
  17  1:05  SCV  
  17  1:07  Supply Depot  
  18  1:17  SCV  
  19  1:32  Orbital Command  
  19  1:39  Factory  
  19  1:56  Barracks Reactor  
  19  1:58  SCV  
  20  2:09  Command Center  
  20  2:11  SCV  
  21  2:25  Barracks  
  21  2:26  SCV  
  22  2:40  Hellion x2  
  22  2:41  SCV  
  27  2:45  Barracks Tech Lab  
  27  2:49  Supply Depot  
  27  2:53  SCV  
  28  3:01  Hellion  
  30  3:06  Supply Depot, Stimpack  
  30  3:09  SCV  
  30  3:11  Hellion  
  33  3:13  Barracks Reactor  
  33  3:22  Hellion  
  33  3:26  Orbital Command  
  35  3:29  SCV  
  35  3:33  Hellion  
  38  3:40  Engineering Bay  
  38  3:43  SCV  
  39  3:49  Orbital Command  
  39  3:53  Hellion  
  39  3:54  Hellion  
  43  4:04  Marine x2  
  43  4:05  Marine  
  43  4:09  Bunker  
  10  4:46  Hellion x2  
  9  5:07  Hellion  
  8  5:15  Hellion  
  8  5:16  SCV  
  13  5:28  Hellion  
  13  5:36  SCV x2  
  13  5:48  Hellion  
  17  5:50  Hellion, Marine x2, Marauder  
  21  5:57  SCV x2  
  23  6:08  Marine x2  
  23  6:11  Marine  
  26  6:26  Marine  
  26  6:29  SCV x2  
  29  6:33  Marine  
  29  6:34  Marauder  
  32  6:41  SCV, Barracks  
  32  6:43  Marine  
  32  6:46  Barracks  
  34  6:51  Marine  
  35  6:54  Marine  
  36  7:01  Marine  
  35  7:13  Marauder  
  31  7:23  Marine  
  31  7:24  Marine  
  31  7:34  Barracks Tech Lab  
  31  7:35  Marauder  
  31  7:36  SCV x2  
  35  7:40  Barracks Tech Lab  
  35  7:44  Marine x2  
  35  7:50  SCV  
  35  7:51  SCV  
  39  7:54  Concussive Shells  
  39  8:03  SCV  
  40  8:06  Marine x4  
  40  8:07  Marine  
  45  8:24  Marauder  
  45  8:25  Marine x2  
  49  8:30  Marauder x2  
  53  8:34  SCV x2  
  53  8:37  Supply Depot  
Show
View Real Time Build Order
Export as new Build Order

wabbajack Zerg 

Build Orders: Hatch First 

Get SALT Encoding   

  12  0:01  Drone  
  13  0:17  Overlord  
  13  0:20  Drone  
  14  0:27  Extractor  
  13  0:29  Drone x2, Extractor  
  16  0:39  Drone  
  17  1:00  Hatchery  
  16  1:09  Drone x2  
  16  1:11  Extractor  
  17  1:12  Extractor  
  17  1:22  Spawning Pool  
  16  1:34  Drone x2  
  16  1:35  Drone  
  19  1:46  Overlord  
  19  1:56  Drone  
  20  2:09  Drone  
  20  2:10  Extractor, Queen  
  20  2:12  Queen  
  20  2:14  Metabolic Boost  
  24  2:16  Zergling x2  
  25  2:26  Spine Crawler  
  24  2:40  Drone x2  
  24  2:41  Drone x2  
  24  2:42  Overlord  
  28  2:50  Pneumatized Carapace  
  28  3:03  Baneling Nest  
  27  3:06  Zergling x4  
  29  3:16  Zergling x2  
  29  3:17  Zergling x4  
  32  3:26  Queen  
  34  3:46  Baneling x2  
  34  3:47  Baneling  
  34  3:48  Baneling  
  34  3:56  Queen  
  36  4:05  Roach Warren  
  36  4:06  Spine Crawler  
  12  4:48  Drone  
  12  4:49  Drone x7  
  20  5:26  Drone x5  
  23  5:41  Overlord  
  21  5:55  Drone  
  21  5:56  Drone x4  
  26  6:06  Drone x3  
  27  6:31  Queen  
  29  6:35  Spine Crawler  
  29  6:37  Drone x3  
  33  6:46  Roach Warren  
  32  6:50  Lair  
  32  6:52  Drone x4  
  34  7:07  Spine Crawler  
  27  7:37  Drone x6  
  29  7:38  Drone  
  29  7:39  Drone  
  35  7:54  Hydralisk Den  
  35  7:55  Drone  
  35  7:56  Drone x2  
  35  7:57  Drone x3  
  35  7:58  Drone x3  
  42  7:59  Overlord  
  42  8:02  Extractor  
  42  8:04  Extractor  
  41  8:06  Drone x3  
  41  8:11  Drone x2  
  46  8:13  Drone  
  46  8:17  Overlord  
  47  8:25  Evolution Chamber  
  46  8:31  Zergling x4  
  46  8:33  Zergling x4  
Tags
 
Add a new tag
Caveats
  • Supply blocks, unpowered buildings, or Contaminate may cause inaccurate times.
  • Supply counts are checked every 10 seconds.